 Dungeon Sprint DCSS version 0.19.1 (webtiles) character file.

11764 equalderp2856 the Eviscerator (level 11, -14/54 HPs)
             Began as a Felid Fighter on Dec 17, 2016.
             Was the Champion of Lugonu.
             Demolished by a catoblepas (15 damage)
             ... in the Dungeon (Sprint IX: "|||||||||||||||||||||||||||||").
             The game lasted 00:11:32 (4499 turns).

equalderp2856 the Eviscerator (Felid Fighter)       Turns: 4499, Time: 00:11:32

Health: -14/54     AC:  2    Str: 16    XL:     11   Next: 53%
Magic:  16/16      EV:  4    Int: 13    God:    Lugonu [******]
Gold:   1400       SH:  0    Dex: 18    Spells: 0 memorised, 10 levels left
                                        Lives:  0   Deaths: 3

rFire  . . .     SeeInvis +       - Unarmed
rCold  . . .     Gourm    .     (armour unavailable)
rNeg   + + +     Faith    .     (shield unavailable)
rPois  ∞         Spirit   .     (helmet unavailable)
rElec  .         Reflect  .     (cloak unavailable)
rCorr  .         Harm     .     (gloves unavailable)
MR     +....     NoTele   +     (boots unavailable)
Stlth  ++++++....               (no amulet)
                                n - +3 ring of intelligence
                                m - +3 ring of strength

@: petrified, quick
A: no armour, no weapons or thrown items, stealth, claws 1, fangs 3, see
invisible, carnivore 3, speed 1, shaggy fur 2, slow metabolism 1, sharp paws
a: Bend Space, Banish, Corrupt, Renounce Religion


You were in the Dungeon.
You worshipped Lugonu.
Lugonu was exalted by your worship.
You were full.

You visited 1 branch You collected 1400 gold pieces.

Inventory:

Jewellery
 m - a +3 ring of strength (left paw)
 n - a +3 ring of intelligence (right paw)
 q - an uncursed ring of protection from cold
Wands
 l - a wand of lightning (0/15)
 p - a wand of slowing (32/48)
Scrolls
 h - 4 scrolls of blinking
 j - 3 scrolls of remove curse
 k - 2 scrolls of amnesia
 s - 3 scrolls of fear
Potions
 a - 2 potions of might
 c - a potion of invisibility
 e - 2 potions of haste
 f - 4 potions of magic
 i - 2 potions of curing
 o - 2 potions of heal wounds
Books
 r - a book of Flames

   Spells                             Type                      Level
   a - Flame Tongue                   Conjuration/Fire             1
   b - Throw Flame                    Conjuration/Fire             2
   c - Conjure Flame                  Conjuration/Fire             3
   d - Inner Flame                    Hexes/Fire                   3
   e - Sticky Flame                   Conjuration/Fire             4
   f - Fireball                       Conjuration/Fire             5
Comestibles
 b - 12 meat rations


   Skills:
 + Level 9.6 Fighting
 + Level 16.3 Dodging
 + Level 11.8 Stealth
 + Level 22.8 Unarmed Combat
 + Level 6.0 Evocations


You had 10 spell levels left.
You didn't know any spells.

Dungeon Overview and Level Annotations

Branches:
Dungeon (1/1)

Altars:
Cheibriados
Dithmenos
Elyvilon
Fedhas
Gozag
Hepliaklqana
Kikubaaqudgha
Makhleb
Nemelex Xobeh
Okawaru
Qazlal
Ru
Sif Muna
Trog
Uskayaw
Vehumet
Xom
Yredelemnul
Zin
The Shining One
Beogh
Jiyva
Lugonu

Shops:
D [*(}


Innate Abilities, Weirdness & Mutations

You cannot wear armour.
You are incapable of wielding weapons or throwing items.
Your paws allow you to move quietly. (Stealth)
You have sharp claws.
You have razor-sharp teeth.
You have supernaturally acute eyesight. (SInv)
You are carnivorous and can eat meat at any time.
You cover ground quickly.
You are covered in thick fur. (AC +2)
You have a slow metabolism.
Your sharp claws are effective at attacking unaware monsters.


Message History

The catoblepas breathes a plume of calcifying dust at you.
The blast of calcifying dust hits you!
You are engulfed in calcifying dust.
The catoblepas gores you!!
* * * LOW HITPOINT WARNING * * *
You turn to flesh and can move again.
You are engulfed in calcifying dust.
You are slowing down.
The catoblepas completely misses you.
You are engulfed in calcifying dust.
Your limbs have turned to stone.
The catoblepas breathes a plume of calcifying dust at you.
The blast of calcifying dust hits the catoblepas.
The blast of calcifying dust hits you!
* * * LOW HITPOINT WARNING * * *
You have turned to stone.
You are engulfed in calcifying dust.
The catoblepas breathes a plume of calcifying dust at you.
The blast of calcifying dust hits you!
* * * LOW HITPOINT WARNING * * *
The catoblepas gores you!!
You die...

▓.▓∩▓.▓.▓.▓[▓
▓.▓)▓.▓.▓.▓.▓
▓.▓∩▓.▓$▓.▓.▓
▓.▓)▓.▓Y▓Y▓'▓
▓)▓∩▓.▓Y▓Y▓.▓
▓.▓.▓.▓$▓Y▓)▓
▓.▓.▓.▓Y▓§▓.▓
▓.▓.▓.▓Y▓§▓.▓
▓)▓.▓.▓@▓§▓.▓
▓.▓)▓.▓§▓.▓.▓
▓.▓)▓.▓§▓.▓)▓
▓.▓.▓.▓§▓.▓.▓
▓.▓.▓.▓[▓.▓.▓
▓.▓)▓.▓.▓.▓.▓
▓.▓.▓.▓.▓.▓.▓
▓.▓.▓.▓'▓.▓.▓
▓.▓.▓.▓.▓.▓.▓


You could see 2 catoblepae.

Vanquished Creatures
  Erolcha (D)
  A hydra (D)
  A centaur warrior (D)
  2 death yaks (D)
  7 orc high priests (D)
  8 orc knights (D)
  An orc sorcerer (D)
  A spiny frog (D)
  3 komodo dragons (D)
  3 hippogriffs (D)
  6 yaks (D)
  Grum (D)
  A water moccasin (D)
  11 orc warriors (D)
  An ice beast (D)
  A porcupine (D)
  A sky beast (D)
  A phantom (D)
  4 wolves (D)
  An ogre (D)
  5 crocodiles (D)
  A bullfrog (D)
  2 killer bees (D)
  3 orc priests (D)
  4 orc wizards (D)
  A worker ant (D)
  An adder (D)
  A shadow imp (D)
  2 leopard geckos (D)
  7 orcs (D)
  A goblin (D)
  A hobgoblin (D)
  2 bats (D)
87 creatures vanquished.

Notes
Turn   | Place    | Note
-------+----------+-------------------------------------------
     0 | D        | equalderp2856 the Felid Fighter began the quest for the Orb.
     0 | D        | Reached XP level 1. HP: 10/10 MP: 2/2
    17 | D        | Reached skill level 5 in Unarmed Combat
    39 | D        | Noticed a worker ant
    54 | D        | Killed a worker ant
    54 | D        | Reached skill level 5 in Dodging
    54 | D        | Reached skill level 6 in Unarmed Combat
    54 | D        | Reached XP level 2. HP: 8/15 MP: 3/3
    54 | D        | Reached XP level 3. HP: 9/18 MP: 4/4
   230 | D        | Found a roughly hewn altar of Beogh.
   230 | D        | Found a snail-covered altar of Cheibriados.
   230 | D        | Found a shadowy altar of Dithmenos.
   230 | D        | Found a white marble altar of Elyvilon.
   230 | D        | Found a blossoming altar of Fedhas.
   230 | D        | Found an opulent altar of Gozag.
   231 | D        | Found a hazy altar of Hepliaklqana.
   232 | D        | Found a viscous altar of Jiyva.
   233 | D        | Found an ancient bone altar of Kikubaaqudgha.
   234 | D        | Found a corrupted altar of Lugonu.
   235 | D        | Found a burning altar of Makhleb.
   236 | D        | Found a sparkling altar of Nemelex Xobeh.
   237 | D        | Found an iron altar of Okawaru.
   238 | D        | Found a stormy altar of Qazlal.
   239 | D        | Found a sacrificial altar of Ru.
   240 | D        | Found a deep blue altar of Sif Muna.
   241 | D        | Found a bloodstained altar of Trog.
   242 | D        | Found a hide-covered altar of Uskayaw.
   243 | D        | Found a radiant altar of Vehumet.
   244 | D        | Found a shimmering altar of Xom.
   245 | D        | Found a basalt altar of Yredelemnul.
   246 | D        | Found a glowing silver altar of Zin.
   252 | D        | Became a worshipper of Lugonu the Unformed
   252 | D        | Reached * piety under Lugonu
   258 | D        | Found a glowing golden altar of the Shining One.
   285 | D        | Noticed a killer bee
   285 | D        | Noticed an ogre
   285 | D        | Noticed a sky beast
   285 | D        | Noticed a phantom
   287 | D        | Killed a killer bee
   287 | D        | Reached skill level 1 in Stealth
   287 | D        | Reached skill level 8 in Unarmed Combat
   287 | D        | Reached XP level 4. HP: 22/22 MP: 5/5
   290 | D        | Killed an ogre
   290 | D        | Reached skill level 5 in Fighting
   290 | D        | Reached skill level 9 in Unarmed Combat
   290 | D        | Reached XP level 5. HP: 26/26 MP: 6/6
   305 | D        | Killed a sky beast
   305 | D        | Reached ** piety under Lugonu
   305 | D        | Reached skill level 10 in Unarmed Combat
   305 | D        | Gained mutation: You are covered in thick fur. (AC +2) [Felid growth]
   305 | D        | Reached XP level 6. HP: 11/30 MP: 7/7
   382 | D        | Reached skill level 11 in Unarmed Combat
   543 | D        | Noticed an ice beast
   543 | D        | Noticed a centaur warrior
   543 | D        | Noticed a yak
   543 | D        | Noticed a yak
   543 | D        | Noticed a yak
   549 | D        | Killed an ice beast
   549 | D        | Reached *** piety under Lugonu
   563 | D        | Killed a centaur warrior
   563 | D        | Reached skill level 14 in Unarmed Combat
   563 | D        | Reached XP level 7. HP: 8/36 MP: 8/8
   563 | D        | Reached XP level 8. HP: 9/40 MP: 9/9
   785 | D        | Reached **** piety under Lugonu
   788 | D        | Slain by a yak
   789 | D        | Reached XP level 7. HP: -2/36 MP: 8/8
   821 | D        | Killed a yak
   957 | D        | Noticed a seven-headed hydra
   957 | D        | Noticed a hippogriff
   957 | D        | Noticed a komodo dragon
   962 | D        | Reached skill level 5 in Stealth
   962 | D        | Reached skill level 15 in Unarmed Combat
  1105 | D        | Reached XP level 8. HP: 40/40 MP: 9/9
  1254 | D        | Killed a seven-headed hydra
  1254 | D        | Reached skill level 16 in Unarmed Combat
  1255 | D        | Killed a hippogriff
  1309 | D        | Killed a komodo dragon
  1309 | D        | Reached ***** piety under Lugonu
  1309 | D        | Reached XP level 9. HP: 40/44 MP: 10/12
  1394 | D        | Noticed a komodo dragon
  1406 | D        | Killed a komodo dragon
  1406 | D        | Reached skill level 17 in Unarmed Combat
  1508 | D        | Noticed a komodo dragon
  1508 | D        | Noticed a spiny frog
  1517 | D        | Killed a komodo dragon
  1524 | D        | Killed a spiny frog
  1526 | D        | Reached ****** piety under Lugonu
  1533 | D        | Reached skill level 18 in Unarmed Combat
  1672 | D        | Reached XP level 10. HP: 49/49 MP: 14/14
  1765 | D        | Noticed a death yak
  1765 | D        | Noticed a death yak
  1765 | D        | Noticed a catoblepas
  1765 | D        | Noticed a death yak
  1865 | D        | Noticed a catoblepas
  1903 | D        | Killed a death yak
  2059 | D        | Killed a death yak
  2059 | D        | Reached skill level 19 in Unarmed Combat
  2059 | D        | Reached skill level 5 in Evocations
  2078 | D        | HP: 1/49 [catoblepas (9)]
  2079 | D        | Slain by a catoblepas
  2080 | D        | Reached XP level 9. HP: 0/45 MP: 13/13
  2126 | D        | Mangled by a catoblepas
  2127 | D        | Reached XP level 8. HP: -7/41 MP: 12/12
  2128 | D        | Found Nane's Gadget Shoppe.
  2128 | D        | Noticed an orc high priest
  2128 | D        | Noticed an orc knight
  2128 | D        | Noticed an orc knight
  2128 | D        | Noticed an orc high priest
  2128 | D        | Noticed an orc high priest
  2129 | D        | Noticed an orc high priest
  2130 | D        | Killed an orc high priest
  2130 | D        | Reached XP level 9. HP: 45/45 MP: 12/14
  2135 | D        | Noticed a soul eater
  2135 | D        | Noticed a soul eater
  2136 | D        | Killed an orc high priest
  2169 | D        | Noticed Erolcha
  2176 | D        | Killed Erolcha
  2176 | D        | Reached skill level 20 in Unarmed Combat
  2189 | D        | Noticed Grum
  2201 | D        | Killed Grum
  2355 | D        | Killed an orc knight
  2355 | D        | Reached XP level 10. HP: 49/49 MP: 15/15
  2371 | D        | Noticed an orc high priest
  2535 | D        | Killed an orc knight
  2535 | D        | Reached skill level 15 in Dodging
  2751 | D        | Killed an orc high priest
  2751 | D        | Reached skill level 10 in Stealth
  2765 | D        | Noticed a rust devil
  2767 | D        | Killed an orc high priest
  2767 | D        | Reached skill level 21 in Unarmed Combat
  2768 | D        | Noticed an orange demon
  2806 | D        | Killed an orc high priest
  2864 | D        | Noticed an orc knight
  2875 | D        | Killed an orc knight
  3024 | D        | Found Siemamuv's Antique Weapon Emporium.
  3027 | D        | Found Feufo's General Store.
  3030 | D        | Found Fuxain's Armour Emporium.
  3032 | D        | Noticed an orc knight
  3033 | D        | Noticed an orc high priest
  3034 | D        | Noticed an orc high priest
  3035 | D        | Noticed an orc knight
  3291 | D        | Killed an orc knight
  3298 | D        | Killed an orc high priest
  3298 | D        | Reached XP level 11. HP: 30/53 MP: 16/16
  3448 | D        | Noticed an orc knight
  3454 | D        | Killed an orc high priest
  3764 | D        | Killed an orc knight
  3764 | D        | Reached skill level 22 in Unarmed Combat
  3855 | D        | Killed an orc knight
  3903 | D        | Noticed an orc knight
  3911 | D        | Noticed an orc knight
  3912 | D        | Killed an orc knight
  3991 | D        | Killed an orc knight
  4252 | D        | Noticed an orc sorcerer
  4339 | D        | Killed an orc sorcerer
  4498 | D        | HP: 1/54 [catoblepas/blast of calcifying dust (4)]
  4499 | D        | Demolished by a catoblepas

Skill      XL: |  1  2  3  4  5  6  7  8  9 10 11 |
---------------+----------------------------------+-----
Unarmed Combat | 6 8 9 10 14 15 16 20 21 22 | 22.8
Dodging        | 5 6 7 8 11 13 14 15 16 | 16.3
Fighting       | 4 5 7 8 9 |  9.6
Stealth        | 1 2 4 5 8 9 11 | 11.8
Evocations     | 2 6 5 |  6.0

Action                   |  1- 3 |  4- 6 |  7- 9 | 10-12 || total
-------------------------+-------+-------+-------+-------++-------
Melee: Unarmed           |    44 |    42 |   117 |   183 ||   386
       Bite              |     8 |     3 |    12 |    22 ||    45
       Punch             |       |     4 |    12 |    16 ||    32
Evoke: Wand              |       |       |     8 |       ||     8
  Use: Potion            |     2 |     4 |     3 |       ||     9
 Stab: Sleeping          |     1 |       |     2 |     1 ||     4
       Distracted        |       |       |     1 |     1 ||     2
  Eat: Chunk             |       |       |     5 |       ||     5
       Meat ration       |       |       |       |     1 ||     1
Armor: Skin              |     2 |     1 |     1 |     1 ||     5
Dodge: Dodged            |    33 |    31 |    71 |    74 ||   209
